AoeStats
← 冰水一壺

African Clearing

510317039Analyzed
3v3 RM · 2d ago on Sep 30, 2026· 84m 15s· 6 players
Game mode
Random Map
Map size
Normal (6 player)
Population
200
Speed
Normal
Resources
Standard
Victory
Conquest
Starting age
Dark Age
Ending age
Imperial Age
RankedLock teamsTeams togetherTeam positionsShared explorationLock speedFull tech treeHidden civsTurbo modeCheats
Victory
Defeat
🇹🇼 Gurjaras · Taiwan
1041
+17
🇹🇼 Spanish · Taiwan
995
+18
🇹🇼 Lithuanians · Taiwan
982
+19
🇹🇼 Varangians · Taiwan
1084
-19
🇹🇼 Danes · Taiwan
1084
-19
🇹🇼 Persians · Taiwan
990
-16
sky2551230
5:29 Loom
13:18 Feudal Age
17:52 Castle Age
17:18 Double-Bit Axe
17:16 Horse Collar
22:01 Wheelbarrow
26:00 Fletching
26:36 Bow Saw
26:09 Elite Skirmisher
27:09 Gold Mining
27:25 Padded Archer Armor
28:56 Gold Shaft Mining
29:51 Hand Cart
30:16 Ballistics
30:00 Bodkin Arrow
30:21 Leather Archer Armor
30:35 Stone Mining
30:52 Scale Barding Armor
30:57 Forging
30:58 Thumb Ring
32:34 Husbandry
32:44 Bloodlines
32:42 Town Watch
33:20 Town Patrol
34:29 Scale Barding Armor
34:34 Forging
37:32 Imperial Age
37:18 Chain Barding Armor
37:34 Iron Casting
37:01 Caravan
37:14 Cavalier
38:41 Plate Barding Armor
38:34 Conscription
38:47 Savar
41:32 Two-Man Saw
41:58 Blast Furnace
41:34 Masonry
42:03 Heavy Plow
55:10 Light Cavalry
55:59 Hussar
60:44 Pikeman
61:11 Gambesons
61:26 Squires
61:30 Scale Mail Armor
62:23 Citadels
61:56 Crossbowman
64:01 Chemistry
64:37 Ring Archer Armor
66:42 Kamandaran
敦義兄
6:58 Loom
15:48 Feudal Age
16:18 Fishing Lines
16:37 Double-Bit Axe
17:39 Man-at-Arms
20:51 Wheelbarrow
20:18 Gold Mining
25:47 Castle Age
23:57 Stone Mining
24:27 Gold Mining
26:21 Long Swordsman
27:17 Gillnets
28:01 Bow Saw
28:36 Hamask
29:12 Gambesons
29:28 Squires
29:13 Arson
33:02 Gold Shaft Mining
37:30 Imperial Age
37:16 Stone Shaft Mining
36:54 Scale Mail Armor
37:05 Forging
37:35 Hand Cart
38:34 Two-Handed Swordsman
38:37 Capped Ram
40:08 Chain Mail Armor
40:29 Iron Casting
40:33 Champion
42:25 Elite Varangian Guard
44:03 Plate Mail Armor
44:33 Blast Furnace
44:08 Conscription
43:08 Northmen's Fury
43:13 Pikeman
44:09 Siege Ram
44:16 Halberdier
45:38 Horse Collar
46:15 Caravan
46:46 Coinage
52:22 Heavy Plow
57:24 Elite Jomsviking
冰水一壺
3:40 Loom
12:52 Feudal Age
13:33 Double-Bit Axe
18:35 Castle Age
18:18 Stone Mining
18:19 Gold Mining
18:24 Horse Collar
21:04 Squires
22:59 Bow Saw
29:26 Wheelbarrow
33:00 Imperial Age
31:06 Heavy Plow
37:33 Two-Man Saw
37:41 Hand Cart
39:09 Caravan
40:33 Elite Varangian Guard
40:58 Gambesons
43:06 Arson
44:13 Crop Rotation
44:02 Town Watch
45:13 Scale Barding Armor
45:20 Forging
45:10 Scale Mail Armor
47:58 Chain Mail Armor
48:35 Fletching
53:23 Conscription
52:27 Gothikon
54:21 Masonry
54:24 Fortified Wall
53:56 Treadmill Crane
54:31 Fortified Wall
54:59 Plate Mail Armor
61:03 Architecture
62:29 Iron Casting
68:52 Blast Furnace
67:48 Bodkin Arrow
82:45 Town Patrol
xxchung109
12:45 Loom
15:00 Feudal Age
16:31 Double-Bit Axe
17:33 Horse Collar
20:11 Castle Age
18:26 Gold Mining
20:34 Forging
20:30 Scale Barding Armor
21:33 Wheelbarrow
23:48 Bloodlines
28:49 Town Watch
29:28 Bow Saw
32:50 Heavy Plow
35:01 Iron Casting
34:47 Chain Barding Armor
36:06 Hand Cart
40:20 Imperial Age
38:48 Stone Mining
39:59 Husbandry
40:42 Fortified Wall
40:53 Ballistics
40:31 Cavalier
41:24 Town Patrol
45:53 Chemistry
44:49 Murder Holes
45:33 Plate Barding Armor
44:25 Elite Leitis
45:41 Hoardings
45:55 Conscription
46:40 Crop Rotation
47:14 Two-Man Saw
53:58 Fletching
54:09 Padded Archer Armor
56:58 Bodkin Arrow
59:57 Masonry
62:58 Stone Shaft Mining
68:29 Treadmill Crane
69:19 Architecture
qwe7377984
12:50 Loom
14:58 Feudal Age
19:19 Castle Age
17:42 Double-Bit Axe
20:37 Bow Saw
20:40 Town Watch
20:57 Horse Collar
22:43 Wheelbarrow
25:20 Gold Mining
26:47 Gold Shaft Mining
27:30 Heavy Plow
29:41 Hand Cart
30:20 Town Patrol
34:08 Imperial Age
34:15 Imperial Age
33:14 Bloodlines
33:05 Husbandry
33:39 Murder Holes
33:24 Treadmill Crane
34:20 Fortified Wall
33:55 Fishing Lines
34:14 Stone Mining
35:30 Kshatriyas
36:14 Conscription
36:42 Crop Rotation
35:46 Light Cavalry
37:05 Gillnets
38:00 Stone Shaft Mining
38:10 Heavy Camel Rider
40:56 Forging
40:52 Scale Barding Armor
40:58 Hussar
42:17 Hoardings
43:04 Iron Casting
42:49 Chain Barding Armor
42:50 Masonry
43:02 Ballistics
43:42 Chemistry
43:25 Caravan
45:19 Architecture
45:30 Coinage
45:46 Plate Barding Armor
46:13 Fletching
46:39 Siege Elephant
49:27 Banking
51:04 Bodkin Arrow
51:42 Frontier Guards
61:16 Heavy Scorpion
73:07 Bracer
82:48 Guard Tower
中山沙口
11:31 Loom
16:03 Feudal Age
17:35 Double-Bit Axe
20:02 Castle Age
18:56 Stone Mining
19:14 Padded Archer Armor
19:05 Fletching
19:26 Gold Mining
19:22 Horse Collar
21:37 Bodkin Arrow
21:59 Leather Archer Armor
22:52 Bow Saw
24:18 Wheelbarrow
27:33 Heavy Plow
34:26 Elite Skirmisher
35:33 Hand Cart
41:44 Imperial Age
41:14 Stone Shaft Mining
41:46 Elite Conquistador
42:48 Town Watch
43:57 Ring Archer Armor
43:28 Bracer
44:18 Thumb Ring
45:29 Chemistry
46:47 Two-Man Saw
49:17 Ballistics
49:19 Bombard Tower
Connection lost

Rejoining the realm…

Still unreachable

The connection could not be restored.

Session expired

The server has moved on; the page needs a fresh start.